AoeStats
← [La14]FerMar

Nomad

507873784Analyzed
4v4 RM · 13d ago on Sep 20, 2026· 47m 39s· 8 players
Game mode
Random Map
Map size
231×231
Population
200
Speed
Normal
Resources
Standard
Victory
Conquest
Starting age
Dark Age
Ending age
Imperial Age
RankedLock teamsTeams togetherTeam positionsShared explorationLock speedFull tech treeHidden civsTurbo modeCheats
Victory
Defeat
🇨🇴 Italians · Colombia
1433
+7
🇦🇷 Vietnamese · Argentina
1185
+16
🇦🇷 Hindustanis · Argentina
1084
+45
🇦🇷 Persians · Argentina
1063
+19
🇨🇳 Persians · China
1359
-23
🇳🇿 Franks · New Zealand
1202
-16
🇨🇳 Japanese · China
1103
-12
🇨🇳 Italians · China
1041
-31
El Rey Nocturno
7:00 Loom
13:48 Feudal Age
17:23 Castle Age
16:45 Fletching
17:06 Double-Bit Axe
18:40 Medium Warships
21:20 Bow Saw
21:51 Padded Archer Armor
22:27 Bodkin Arrow
26:40 Ballistics
32:17 Imperial Age
30:28 Fishing Lines
33:59 Chemistry
34:06 Bracer
36:52 Wheelbarrow
36:26 Gillnets
39:29 Thumb Ring
43:51 Leather Archer Armor
43:27 Elite Genoese Crossbowman
44:29 Pirotechnia
45:12 Ring Archer Armor
45:05 Conscription
45:08 Silk Road
47:03 Hand Cart
ROMA
7:28 Loom
13:30 Feudal Age
18:01 Castle Age
17:38 Double-Bit Axe
23:09 Bloodlines
27:51 Scale Barding Armor
30:27 Forging
35:05 Gold Mining
44:19 Fishing Lines
47:06 Gillnets
48:03 Wheelbarrow
48:01 Town Watch
[La14]FerMar
12:19 Loom
16:34 Feudal Age
17:22 Double-Bit Axe
18:30 Horse Collar
22:47 Gold Mining
23:54 Wheelbarrow
25:48 Castle Age
24:58 Scale Barding Armor
25:07 Bloodlines
25:58 Fletching
26:03 Stone Mining
26:53 Forging
29:41 Gold Shaft Mining
30:15 Heavy Plow
31:23 Husbandry
34:44 Iron Casting
40:19 Arson
40:38 Squires
41:01 Chain Barding Armor
44:43 Imperial Age
46:57 Conscription
46:14 Heavy Camel Rider
[La14] Monarca Yupanqui
4:36 Loom
15:57 Feudal Age
16:33 Double-Bit Axe
16:29 Horse Collar
21:53 Castle Age
20:34 Fletching
22:42 Bodkin Arrow
27:05 Bow Saw
28:46 Fishing Lines
31:31 Medium Warships
31:22 Gillnets
32:05 Gold Mining
36:46 Wheelbarrow
40:49 Imperial Age
39:19 Scale Mail Armor
39:20 Padded Archer Armor
39:40 Forging
39:32 Squires
39:25 Pikeman
40:22 Chain Mail Armor
42:09 Hand Cart
41:45 Town Watch
43:59 Arson
44:01 Horse Collar
44:45 Heavy Plow
46:16 Plate Mail Armor
46:21 Iron Casting
46:05 Bracer
46:40 Iron Casting
46:43 Ballistics
47:06 Crop Rotation
47:33 Leather Archer Armor
47:51 Thumb Ring
mmmmmoooo
14:08 Feudal Age
15:00 Double-Bit Axe
17:36 Horse Collar
21:29 Castle Age
20:24 Gold Mining
21:45 Fletching
22:36 Thumb Ring
23:10 Bodkin Arrow
24:14 Padded Archer Armor
24:38 Crossbowman
27:24 Thumb Ring
29:52 Leather Archer Armor
31:45 Stone Mining
32:14 Bow Saw
37:54 Ballistics
41:01 Wheelbarrow
渣渣灰
18:08 Feudal Age
19:11 Double-Bit Axe
19:15 Man-at-Arms
23:39 Forging
23:35 Scale Barding Armor
28:47 Padded Archer Armor
28:59 Fletching
31:53 Castle Age
31:48 Scale Mail Armor
32:15 Crossbowman
32:46 Long Swordsman
33:12 Gambesons
36:57 Iron Casting
44:24 Murder Holes
46:43 Thumb Ring
[MAD1] hillstead
5:20 Loom
14:02 Feudal Age
14:59 Fishing Lines
18:20 Castle Age
17:02 Double-Bit Axe
17:31 Gold Mining
19:20 Forging
24:40 Husbandry
27:20 Stone Mining
27:41 Bow Saw
29:19 Wheelbarrow
28:45 Elite Skirmisher
31:43 Elite Skirmisher
33:44 Scale Mail Armor
33:53 Scale Barding Armor
39:58 Imperial Age
39:37 Padded Archer Armor
39:27 Fletching
40:34 Hand Cart
42:54 Scale Mail Armor
dy小妖
5:31 Loom
14:28 Feudal Age
15:26 Double-Bit Axe
16:05 Town Watch
18:31 Castle Age
16:22 Horse Collar
20:13 Bow Saw
20:04 Heavy Plow
20:08 Gold Mining
21:21 Stone Mining
22:52 Stone Shaft Mining
25:09 Wheelbarrow
30:31 Imperial Age
29:02 Scale Barding Armor
29:48 Gold Shaft Mining
30:39 Chain Barding Armor
30:30 Forging
30:32 Bloodlines
30:23 Husbandry
30:17 Cavalier
30:33 Capped Ram
31:46 Siege Ram
34:20 Savar
35:48 Plate Barding Armor
36:10 Conscription
38:26 Iron Casting
Connection lost

Rejoining the realm…

Still unreachable

The connection could not be restored.

Session expired

The server has moved on; the page needs a fresh start.